 Dungeon Crawl Stone Soup version 0.15.0-16-gce31824 (webtiles) character file.

256 MDvedh the Chopper (level 5, 0/42 HPs)
             Began as a Minotaur Death Knight on Sept 6, 2014.
             Was a Believer of Yredelemnul.
             Slain by a worker ant (2 damage)
             ... on Level 4 of the Dungeon.
             The game lasted 00:04:32 (2097 turns).

MDvedh the Chopper (Minotaur Death Knight)          Turns: 2097, Time: 00:04:33

HP   0/42        AC  3     Str 18      XL: 5   Next: 92%
MP   4/4         EV  8     Int  6      God: Yredelemnul [**....]
Gold 129         SH  0     Dex 10      Spells:  0 memorised,  4 levels left

rFire  . . .     SeeInvis .     a - +2 hand axe
rCold  . . .     Rnd*Rage +     g - +0 scale mail (curse)
rNeg   . . .     rCorr    .     (no shield)
rPois  .         rRot     .     (helmet restricted)
rElec  .         Spirit   .     (no cloak)
SustAb .         Warding  .     (no gloves)
rMut   .         Stasis   .     (no boots)
Gourm  .                        (no amulet)
MR     .....                    (no ring)
                                (no ring)

@: not resistant to hostile enchantments, extremely unstealthy
A: retaliatory headbutt, horns 2, berserk 1, deformed body, dopey 1
a: Animate Remains, Recall Undead Slaves, Injury Mirror, Renounce Religion


You were on level 4 of the Dungeon.
You worshipped Yredelemnul.
Yredelemnul was pleased with you.
You were not hungry.

You visited 1 branch of the dungeon, and saw 4 of its levels.

You collected 129 gold pieces.

Inventory:

Hand weapons
 a - a +2 hand axe (weapon)
Armour
 g - a cursed +0 scale mail (worn)
 w - a +0 chain mail
Comestibles
 c - 3 bread rations
 h - a royal jelly
 j - a rotting chunk of hobgoblin flesh
 s - a meat ration
Scrolls
 d - 2 scrolls of enchant weapon
 e - a scroll of teleportation {unknown}
 i - a scroll of recharging {unknown}
 k - 2 scrolls of enchant armour {unknown}
 m - 2 scrolls of random uselessness {unknown}
 n - a scroll of noise {unknown}
 o - a scroll of fog {unknown}
 r - 2 scrolls of remove curse {unknown}
 u - a scroll of amnesia {unknown}
Jewellery
 b - a cursed amulet of inaccuracy {unknown}
 q - an uncursed ring of positive energy {unknown}
Potions
 t - a potion of porridge


   Skills:
 - Level 2.4 Fighting
 + Level 7.6 Axes
 - Level 1.2 Armour
 - Level 1.1 Dodging
 - Level 2.6 Invocations


You had 4 spell levels left.
You didn't know any spells.

Dungeon Overview and Level Annotations

Branches:
Dungeon (4/15)
 Temple: D:4-7

Altars:
Trog


Innate Abilities, Weirdness & Mutations

You reflexively headbutt those who attack you in melee.
You have a pair of horns on your head.
You tend to lose your temper in combat.
Armour fits poorly on your strangely shaped body.
You are dopey. (Int -2)


Message History

You are too injured to fight recklessly!
Unknown command.
You are too injured to fight recklessly!
You are too injured to fight recklessly!
You are too injured to fight recklessly!
Unknown command.
You are too injured to fight recklessly!
Unknown command.
You are too injured to fight recklessly!
You hit the worker ant.
The worker ant is heavily wounded.
The worker ant bites you.
* * * LOW HITPOINT WARNING * * *
The goblin hits you but does no damage.
Unknown command.
You closely miss the worker ant.
The worker ant is heavily wounded.
The worker ant bites you.
You die...
Your body rises from the dead as a mindless zombie.

... #..
#.. ..#
.o. #o#
#b# #a#
#@# #g#
.a. .....
......#
.......#
.#.##.###
#. #.#
..#


You could see 2 worker ants, 2 orcs, a goblin and a bat.

Vanquished Creatures
  The ghost of P0WERM0DE the Insei, an average DgTm (D:3)
  An orc wizard (D:3)
  2 orc priests (D:3)
  Ijyb (D:2)
  Terence (D:2)
  An adder (D:3)
  A giant gecko (D:2)
  2 orcs
  11 bats
  2 giant cockroaches
  6 hobgoblins
  7 giant newts
  4 goblins
  4 jackals (D:3)
  2 kobolds
  2 quokkas (D:3)
  7 rats
  A rat zombie (D:3)
56 creatures vanquished.

Vanquished Creatures (others)
  An orc wizard (D:3)
  A giant newt zombie (D:3)
2 creatures vanquished.

Grand Total: 58 creatures vanquished

Notes
Turn   | Place    | Note
--------------------------------------------------------------
     0 | D:1      | MDvedh, the Minotaur Death Knight, began the quest for the Orb.
     0 | D:1      | Reached XP level 1. HP: 18/18 MP: 1/1
   137 | D:1      | Reached skill level 3 in Axes
   181 | D:1      | Reached XP level 2. HP: 23/25 MP: 1/1
   849 | D:2      | Reached skill level 4 in Axes
   915 | D:2      | Noticed Ijyb
   945 | D:2      | Killed Ijyb
   945 | D:2      | Reached XP level 3. HP: 8/30 MP: 3/3
  1224 | D:2      | Noticed Terence
  1230 | D:2      | Killed Terence
  1230 | D:2      | Reached skill level 5 in Axes
  1438 | D:2      | Found a bloodstained altar of Trog.
  1506 | D:3      | Acquired Yredelemnul's second power
  1506 | D:3      | Reached XP level 4. HP: 37/37 MP: 3/3
  1529 | D:3      | Reached skill level 6 in Axes
  1531 | D:3      | HP: 1/37 [something/magic dart (5)]
  1533 | D:3      | Gained mutation: You tend to lose your temper in combat. [potion of mutation]
  1533 | D:3      | Gained mutation: Armour fits poorly on your strangely shaped body. [potion of mutation]
  1533 | D:3      | Gained mutation: You are dopey. (Int -2) [potion of mutation]
  1567 | D:3      | Reached XP level 5. HP: 11/42 MP: 4/4
  1776 | D:3      | Noticed P0WERM0DE's ghost (average DgTm)
  2039 | D:3      | Killed P0WERM0DE's ghost
  2039 | D:3      | Reached skill level 7 in Axes
  2096 | D:4      | HP: 1/42 [worker ant (3)]
  2097 | D:4      | Slain by a worker ant

Action                   |  1- 3 |  4- 6 || total
-------------------------+-------+-------++-------
Melee: Hand axe          |    99 |    86 ||   185
Invok: Animate Remains   |       |     1 ||     1
  Use: Potion            |       |     6 ||     6
       Scroll            |       |     1 ||     1
 Stab: Invisible         |       |     3 ||     3
  Eat: Chunk             |     1 |     4 ||     5
